[Event "ESP-ch Rapid 2018"]
[Site "Linares"]
[Date "2018.08.19"]
[Round "8"]
[White "Sanchez Jimenez, Juan Carlos"]
[Black "Perdomo Araujo, Angel Eduardo"]
[Result "0-1"]
[ECO "D93"]
[WhiteElo "2228"]
[BlackElo "2100"]
[Annotator "NA"]
[PlyCount "33"]
[EventDate "2018.08.19"]
[EventType "team-tourn"]
[EventCountry "ESP"]
[SourceTitle "playchess.com"]
[Source "ChessBase"]
[SourceQuality "1"]
[TimeControl "900+5"]

1. d4 Nf6 2. c4 g6 3. Nc3 d5 4. Nf3 Bg7 5. Bf4 O-O 6. e3 dxc4 7. Bxc4 c6 8. O-O Bg4 9. Be2 Nbd7 10. Qb3 Qb6 11. Qxb6 axb6 12. h3 Bxf3 13. Bxf3 b5 14. a3 Ra7 15. Rac1 Re8 16. Rc2 e5 17. dxe5 0-1

[Event "ESP-ch Rapid 2018"]
[Site "Linares"]
[Date "2018.08.19"]
[Round "8"]
[White "Alvarez Serrano, Carlos"]
[Black "Collado Barbas, Laura"]
[Result "0-1"]
[ECO "D02"]
[WhiteElo "2225"]
[BlackElo "2095"]
[Annotator "NA"]
[PlyCount "46"]
[EventDate "2018.08.19"]
[EventType "team-tourn"]
[EventCountry "ESP"]
[SourceTitle "playchess.com"]
[Source "ChessBase"]
[SourceQuality "1"]
[TimeControl "900+5"]

1. d4 d5 2. Nf3 c6 3. c4 e6 4. e3 f5 5. b3 Bb4+ 6. Bd2 Bd6 7. Bc3 Nh6 8. Bd3 O-O 9. Ne5 Qg5 10. Qf3 Nd7 11. h4 Qf6 12. Qg3 f4 13. exf4 Qxf4 14. Qxf4 Rxf4 15. g3 Rf8 16. Nxd7 Bxd7 17. c5 Bc7 18. f4 b6 19. b4 a5 20. Nd2 axb4 21. Bxb4 bxc5 22. Bxc5 Rfb8 23. Nb3 Rxb3 0-1

[Event "ESP-ch Rapid 2018"]
[Site "Linares"]
[Date "2018.08.19"]
[Round "8"]
[White "Vinuela Diaz, Saul"]
[Black "Hernandez Perez, Juan Carlos"]
[Result "1-0"]
[ECO "E09"]
[WhiteElo "2216"]
[BlackElo "1946"]
[Annotator "NA"]
[PlyCount "99"]
[EventDate "2018.08.19"]
[EventType "team-tourn"]
[EventCountry "ESP"]
[SourceTitle "playchess.com"]
[Source "ChessBase"]
[SourceQuality "1"]
[TimeControl "900+5"]

1. Nf3 Nf6 2. c4 e6 3. d4 d5 4. g3 Be7 5. Bg2 O-O 6. O-O Nbd7 7. Qc2 c6 8. Nbd2 Nb6 9. b3 a5 10. e4 dxe4 11. Nxe4 Nxe4 12. Qxe4 Bf6 13. Bf4 a4 14. Rab1 Nd7 15. Qc2 axb3 16. axb3 Qb6 17. Rfd1 Re8 18. c5 Qb4 19. Bd2 Qa3 20. Bc3 Qa7 21. b4 b6 22. b5 bxc5 23. bxc6 Nb6 24. dxc5 Nd5 25. Bxf6 Nxf6 26. Nd4 Ba6 27. Rb6 Rab8 28. Rdb1 Rec8 29. Qa4 Ra8 30. c7 Nd5 31. Bxd5 exd5 32. Rxa6 Qxa6 33. Qxa6 Rxa6 34. Rb8 Ra8 35. Rxa8 Rxa8 36. Nc6 Kf8 37. Na7 d4 38. c8=Q+ Rxc8 39. Nxc8 Ke8 40. Nb6 Kd8 41. Kf1 Kc7 42. Ke2 Kc6 43. Na4 Kd5 44. Kd3 f5 45. h4 g6 46. f3 h6 47. f4 h5 48. c6 Kxc6 49. Kxd4 Kd6 50. Nc5 {[%emt 0:00:03] Kd5+ Ke4+} 1-0

[Event "ESP-ch Rapid 2018"]
[Site "Linares"]
[Date "2018.08.19"]
[Round "8"]
[White "Fernandez De Bobadilla, Gabriel"]
[Black "Fernandez Diaz, Ignacio"]
[Result "1-0"]
[ECO "A80"]
[WhiteElo "2175"]
[BlackElo "2071"]
[Annotator "NA"]
[PlyCount "59"]
[EventDate "2018.08.19"]
[EventType "team-tourn"]
[EventCountry "ESP"]
[SourceTitle "playchess.com"]
[Source "ChessBase"]
[SourceQuality "1"]
[TimeControl "900+5"]

1. d4 f5 2. Bg5 c6 3. e3 Qb6 4. Nd2 d5 5. Rb1 Nd7 6. Bd3 e6 7. Qh5+ g6 8. Qe2 Ngf6 9. h4 h6 10. Bf4 Bg7 11. Ngf3 Ne4 12. c3 Qd8 13. Bxe4 fxe4 14. Ne5 Bxe5 15. Bxe5 Nxe5 16. dxe5 Qc7 17. Qg4 Qf7 18. f4 exf3 19. O-O Bd7 20. Rxf3 Qg7 21. Rf6 O-O-O 22. Rbf1 Rdf8 23. Qd4 Kb8 24. Qf4 Rd8 25. Rf7 Qg8 26. Nb3 g5 27. Qb4 Bc8 28. Na5 Ka8 29. Nxb7 Rh7 30. Nxd8 1-0

[Event "ESP-ch Rapid 2018"]
[Site "Linares"]
[Date "2018.08.19"]
[Round "8"]
[White "Salvador Lopez, Daniel"]
[Black "Domingo Nunez, Alejandro"]
[Result "0-1"]
[ECO "A45"]
[WhiteElo "2162"]
[BlackElo "2373"]
[Annotator "NA"]
[PlyCount "90"]
[EventDate "2018.08.19"]
[EventType "team-tourn"]
[EventCountry "ESP"]
[SourceTitle "playchess.com"]
[Source "ChessBase"]
[SourceQuality "1"]
[TimeControl "900+5"]

1. d4 Nf6 2. Bg5 c5 3. d5 Qb6 4. Nc3 Qxb2 5. Bd2 Qb6 6. e4 d6 7. f4 Nfd7 8. Nf3 Qd8 9. e5 Nb6 10. Bb5+ Bd7 11. e6 Bxb5 12. exf7+ Kd7 13. Nxb5 Nxd5 14. c4 Nf6 15. Bc3 Kc8 16. O-O a6 17. Bxf6 gxf6 18. Nc3 Nc6 19. Rb1 Rb8 20. Nd5 b5 21. cxb5 axb5 22. a4 b4 23. Qd3 e6 24. Ne3 Bh6 25. g3 Qe7 26. Rfe1 Qd7 27. Red1 Kc7 28. Rbc1 Qe7 29. Nh4 Bf8 30. Nhf5 Qd8 31. Nh4 f5 32. Nhxf5 exf5 33. Nd5+ Kc8 34. Qxf5+ Kb7 35. Qd3 Ka7 36. Re1 Bg7 37. Re8 Qd7 38. Rxh8 Bxh8 39. Qxh7 Bd4+ 40. Kg2 Rb7 41. Qe4 Qxf7 42. a5 Ne7 43. a6 Kxa6 44. Qd3+ Ka7 45. Qc4 Qxd5+ 0-1

[Event "ESP-ch Rapid 2018"]
[Site "Linares"]
[Date "2018.08.19"]
[Round "8"]
[White "Cuevas Fernandez, Jose Alberto"]
[Black "Ordonez Torres, Jesus"]
[Result "0-1"]
[ECO "E90"]
[WhiteElo "2147"]
[BlackElo "1989"]
[Annotator "NA"]
[PlyCount "64"]
[EventDate "2018.08.19"]
[EventType "team-tourn"]
[EventCountry "ESP"]
[SourceTitle "playchess.com"]
[Source "ChessBase"]
[SourceQuality "1"]
[TimeControl "900+5"]

1. d4 Nf6 2. c4 g6 3. Nc3 Bg7 4. e4 d6 5. Nf3 O-O 6. h3 e5 7. d5 a5 8. g4 Na6 9. Be3 Nd7 10. Rg1 Ndc5 11. Qd2 Bd7 12. Bh6 Nb4 13. O-O-O Nxa2+ 14. Kb1 Nxc3+ 15. bxc3 Nxe4 16. Qe3 Nxc3+ 17. Kc1 Nxd1 18. Kxd1 e4 19. Bxg7 Kxg7 20. Ng5 Qf6 21. h4 Qa1+ 22. Kd2 Qb2+ 23. Ke1 Qb1+ 24. Kd2 Qb4+ 25. Kc1 f6 26. Qd4 Qa3+ 27. Kd2 Qa2+ 28. Ke1 Qb1+ 29. Kd2 Ra6 30. h5 Rb6 31. Ke3 Qc1+ 32. Kxe4 Qxg5 0-1

[Event "ESP-ch Rapid 2018"]
[Site "Linares"]
[Date "2018.08.19"]
[Round "8"]
[White "Arjol Lopez, Daniel"]
[Black "Camacho Collados, Marcos"]
[Result "0-1"]
[ECO "A15"]
[WhiteElo "2137"]
[BlackElo "2393"]
[Annotator "NA"]
[PlyCount "142"]
[EventDate "2018.08.19"]
[EventType "team-tourn"]
[EventCountry "ESP"]
[SourceTitle "playchess.com"]
[Source "ChessBase"]
[SourceQuality "1"]
[TimeControl "900+5"]

1. c4 Nf6 2. Nf3 b6 3. g3 Bb7 4. Bg2 e6 5. O-O Be7 6. b3 O-O 7. Bb2 a5 8. Nc3 d6 9. d4 Ne4 10. Nd2 Nxc3 11. Bxc3 Bxg2 12. Kxg2 Nd7 13. e4 e5 14. d5 Bg5 15. Nf3 Bh6 16. Nh4 g6 17. Qc2 Nc5 18. a3 a4 19. b4 Nb3 20. Rad1 Qd7 21. Kh1 Rae8 22. Nf3 Qg4 23. Nd2 Nxd2 24. Bxd2 Qf3+ 25. Kg1 Bxd2 26. Rxd2 Qxa3 27. Rb1 Qf3 28. Qxa4 Qxe4 29. Rc1 f5 30. Qd7 Rc8 31. c5 Qxb4 32. Rdc2 bxc5 33. Rc4 Qb3 34. Rh4 h5 35. Qe6+ Kg7 36. Rxh5 gxh5 37. Qe7+ Kg6 38. Qe6+ Kg7 39. Qe7+ Kg6 40. Qe6+ Rf6 41. Qxc8 Qxd5 42. Qxc7 Rf7 43. Qd8 Qe6 44. Qg8+ Kh6 45. h4 Qf6 46. Rd1 Rf8 47. Qd5 Rd8 48. Rb1 f4 49. Rb7 fxg3 50. fxg3 Rf8 51. Qd2+ Kg6 52. Qd3+ Qf5 53. Qxd6+ Rf6 54. Qd1 Qf2+ 55. Kh1 e4 56. Rb3 c4 57. Rb5 Qf3+ 58. Qxf3 exf3 59. Kg1 f2+ 60. Kf1 Rf3 61. Rg5+ Kh6 62. Rc5 c3 63. Rc6+ Kg7 64. Rc5 Kg6 65. Rg5+ Kf6 66. Rxh5 Ke6 67. Rc5 Kd6 68. Ra5 c2 69. Ra1 Rd3 70. Kxf2 Rd1 71. Ra6+ Ke5 0-1

[Event "ESP-ch Rapid 2018"]
[Site "Linares"]
[Date "2018.08.19"]
[Round "8"]
[White "Iglesias Leon, Francisco J"]
[Black "Arroyo Rodriguez, Jesus"]
[Result "1/2-1/2"]
[ECO "A04"]
[WhiteElo "2129"]
[BlackElo "2099"]
[Annotator "NA"]
[PlyCount "124"]
[EventDate "2018.08.19"]
[EventType "team-tourn"]
[EventCountry "ESP"]
[SourceTitle "playchess.com"]
[Source "ChessBase"]
[SourceQuality "1"]
[TimeControl "900+5"]

1. Nf3 c5 2. b3 Nc6 3. Bb2 d5 4. c4 d4 5. g3 e5 6. d3 f5 7. Nbd2 Nf6 8. Bg2 Bd6 9. O-O O-O 10. e4 fxe4 11. dxe4 Qe8 12. Ne1 Bg4 13. f3 Be6 14. Nd3 Qh5 15. a3 Nd7 16. f4 Bg4 17. Bf3 Nf6 18. f5 g6 19. Nf2 Bxf3 20. Qxf3 Qxf3 21. Nxf3 gxf5 22. exf5 e4 23. Ng5 e3 24. Nfe4 Nxe4 25. Nxe4 Rad8 26. Ng5 Ne5 27. Ne6 Nd3 28. Nxd8 Rxd8 29. Rab1 e2 30. Rfe1 Nxb2 31. Rxb2 d3 32. Rd2 Be5 33. Rexe2 Bd4+ 34. Rf2 Kf7 35. Kg2 Bxf2 36. Kxf2 Kf6 37. g4 Rd4 38. h3 h5 39. gxh5 Kxf5 40. Ke3 Rh4 41. Rxd3 Rxh3+ 42. Kd2 Rh2+ 43. Kc3 Ke6 44. b4 cxb4+ 45. axb4 Rxh5 46. Rg3 Kd6 47. Rg7 Rh3+ 48. Kb2 Kc6 49. Rg6+ Kc7 50. Kc2 a6 51. Re6 Kd7 52. Re5 Kd6 53. Rg5 Kc6 54. Rd5 Kc7 55. Rd3 Rh4 56. Kb3 b6 57. Rg3 Kc6 58. Rg6+ Kb7 59. Rg7+ Kc6 60. Ra7 Rh3+ 61. Kb2 Rh4 62. Kb3 Rh3+ 1/2-1/2

[Event "ESP-ch Rapid 2018"]
[Site "Linares"]
[Date "2018.08.19"]
[Round "8"]
[White "Fernandez Torre, Ivan"]
[Black "Crespo Ruiz, Manuel Maria"]
[Result "1/2-1/2"]
[ECO "D35"]
[WhiteElo "2128"]
[BlackElo "2026"]
[Annotator "NA"]
[PlyCount "76"]
[EventDate "2018.08.19"]
[EventType "team-tourn"]
[EventCountry "ESP"]
[SourceTitle "playchess.com"]
[Source "ChessBase"]
[SourceQuality "1"]
[TimeControl "900+5"]

1. d4 d5 2. c4 e6 3. Nc3 Nf6 4. cxd5 Nxd5 5. e4 Nxc3 6. bxc3 Be7 7. Bb5+ Nd7 8. Nf3 O-O 9. O-O a6 10. Bd3 c5 11. Qe2 Re8 12. Rd1 g6 13. Bb2 Qc7 14. h4 b5 15. Ng5 h6 16. Nf3 Bb7 17. h5 g5 18. e5 Qc6 19. Ne1 Nb6 20. f3 Kg7 21. Be4 Qc7 22. Nd3 cxd4 23. cxd4 Nc4 24. Rac1 Rac8 25. Bc3 Qb6 26. Kh1 Red8 27. a4 Bc6 28. a5 Qb7 29. Nb4 Nxa5 30. Bb1 Nc4 31. Qd3 Rh8 32. Qe2 Rcd8 33. Be1 Rd7 34. Bc3 Rhd8 35. Qc2 Rh8 36. Qe2 Rhd8 37. Qc2 Rh8 38. Qe2 Rhd8 1/2-1/2

[Event "ESP-ch Rapid 2018"]
[Site "Linares"]
[Date "2018.08.19"]
[Round "8"]
[White "Cuesta Bustos, Raul"]
[Black "Bento Iglesias, Pablo"]
[Result "0-1"]
[ECO "C00"]
[WhiteElo "2126"]
[BlackElo "2007"]
[Annotator "NA"]
[PlyCount "50"]
[EventDate "2018.08.19"]
[EventType "team-tourn"]
[EventCountry "ESP"]
[SourceTitle "playchess.com"]
[Source "ChessBase"]
[SourceQuality "1"]
[TimeControl "900+5"]

1. e4 e6 2. d4 b6 3. a3 Bb7 4. Nc3 Nf6 5. e5 Nd5 6. Nxd5 Bxd5 7. Nf3 Be7 8. Bd3 d6 9. Qe2 Nd7 10. Bf4 dxe5 11. dxe5 c5 12. Rd1 Qc7 13. c4 Bc6 14. h4 h6 15. Rh3 O-O-O 16. Nd2 g5 17. Bh2 Bxg2 18. Re3 gxh4 19. Be4 Rhg8 20. Bf3 h3 21. Ne4 Nxe5 22. Rxd8+ Rxd8 23. Bxe5 Qxe5 24. Nc3 Qh2 25. Qc2 Qg1+ 0-1

[Event "ESP-ch Rapid 2018"]
[Site "Linares"]
[Date "2018.08.19"]
[Round "8"]
[White "Rodrigo Yanguas, Maria"]
[Black "Garcia Garcia, Adrian Antonio"]
[Result "1-0"]
[ECO "C41"]
[WhiteElo "2062"]
[BlackElo "2179"]
[Annotator "NA"]
[PlyCount "107"]
[EventDate "2018.08.19"]
[EventType "team-tourn"]
[EventCountry "ESP"]
[SourceTitle "playchess.com"]
[Source "ChessBase"]
[SourceQuality "1"]
[TimeControl "900+5"]

1. e4 e5 2. Nf3 d6 3. d4 exd4 4. Nxd4 Nf6 5. Nc3 a6 6. a4 Be7 7. Bc4 O-O 8. O-O Nxe4 9. Nxe4 d5 10. Bd3 dxe4 11. Bxe4 Bf6 12. Be3 Re8 13. Bf3 Nd7 14. c3 Ne5 15. Be2 Bd7 16. Qb3 Bc6 17. Nxc6 bxc6 18. Rad1 Qe7 19. Rd2 Reb8 20. Qc2 a5 21. Rfd1 Rd8 22. Rxd8+ Rxd8 23. Rxd8+ Qxd8 24. Bd4 Qd6 25. Qf5 g6 26. Qc8+ Kg7 27. Qa6 Qd5 28. h3 c5 29. Be3 c4 30. Qb5 Qe4 31. Qxa5 Qb1+ 32. Bf1 Qxb2 33. Bd4 Nd7 34. Qd5 Bxd4 35. Qxd4+ Nf6 36. Qxc4 Qa1 37. Qb4 c5 38. Qc4 h5 39. Qxc5 Qxa4 40. c4 Qa1 41. Qe3 Qb1 42. Qd3 Qc1 43. Qd4 g5 44. c5 g4 45. Qc4 Qe1 46. c6 g3 47. fxg3 Qe3+ 48. Kh2 Ne4 49. Qd3 Qc1 50. Qxe4 Qxf1 51. c7 Qc1 52. Qe5+ f6 53. Qe7+ Kh6 54. Qf8+ 1-0

[Event "ESP-ch Rapid 2018"]
[Site "Linares"]
[Date "2018.08.19"]
[Round "8"]
[White "Redondo Flores, David"]
[Black "Perera Borrego, Maria Adela"]
[Result "0-1"]
[ECO "C41"]
[WhiteElo "1971"]
[BlackElo "2177"]
[Annotator "NA"]
[PlyCount "82"]
[EventDate "2018.08.19"]
[EventType "team-tourn"]
[EventCountry "ESP"]
[SourceTitle "playchess.com"]
[Source "ChessBase"]
[SourceQuality "1"]
[TimeControl "900+5"]

1. e4 d6 2. d4 Nf6 3. Nc3 e5 4. Nf3 Nbd7 5. Bc4 Be7 6. O-O O-O 7. Re1 c6 8. a4 a5 9. h3 Nb6 10. Ba2 Nfd7 11. Be3 Bf6 12. d5 c5 13. Qe2 Nb8 14. Bc4 Na6 15. Bxa6 Rxa6 16. Nb5 Qd7 17. Nd2 g6 18. Bh6 Bg7 19. Qe3 Nxa4 20. Bxg7 Kxg7 21. c4 Nb6 22. Qc3 a4 23. Ra3 f5 24. Rea1 fxe4 25. Nxe4 Nxd5 26. Qd2 Nf4 27. Nbxd6 Qe7 28. Rd1 Rd8 29. Re3 Be6 30. Qc3 Bf7 31. Nf5+ gxf5 32. Rxd8 fxe4 33. Rg3+ Rg6 34. Rxg6+ hxg6 35. Qd2 Qg5 36. g3 e3 37. Qxe3 Nxh3+ 38. Kh2 Qxd8 39. Qxe5+ Qf6 40. Qxf6+ Kxf6 41. Kxh3 Bxc4 0-1

[Event "ESP-ch Rapid 2018"]
[Site "Linares"]
[Date "2018.08.19"]
[Round "8"]
[White "Alonso, Jose Antonio"]
[Black "Galvez Extremera, Francisco"]
[Result "0-1"]
[ECO "B13"]
[WhiteElo "1920"]
[BlackElo "2142"]
[Annotator "NA"]
[PlyCount "92"]
[EventDate "2018.08.19"]
[EventType "team-tourn"]
[EventCountry "ESP"]
[SourceTitle "playchess.com"]
[Source "ChessBase"]
[SourceQuality "1"]
[TimeControl "900+5"]

1. e4 c6 2. d4 d5 3. exd5 cxd5 4. Nc3 Nf6 5. Bf4 Bg4 6. Be2 Bxe2 7. Ngxe2 e6 8. O-O Nc6 9. Re1 Be7 10. a3 O-O 11. Ng3 Qb6 12. Be5 Qxb2 13. Re3 Rfc8 14. Rb1 Qxa3 15. Nxd5 Qa5 16. Nxe7+ Nxe7 17. Bxf6 gxf6 18. Rxb7 Ng6 19. Reb3 f5 20. Nh5 Rxc2 21. h3 Rc7 22. Qb1 Rxb7 23. Rxb7 Qd8 24. Qb2 a5 25. d5 e5 26. Qa2 Qg5 27. d6 Rf8 28. Ng3 Qc1+ 29. Nf1 Qc6 30. Rc7 Qxd6 31. Qxa5 Nf4 32. Qc5 Qd1 33. Qe3 Ne2+ 34. Kh2 Qd6 35. Rc5 Nf4 36. Qg3+ Ng6 37. Rc3 f4 38. Qg4 e4 39. g3 Qd4 40. Rc1 Qxf2+ 41. Kh1 f3 42. Ne3 Qxe3 43. Rg1 f2 44. Rf1 f5 45. Qh5 Qe1 46. Qe2 Qxe2 0-1

[Event "ESP-ch Rapid 2018"]
[Site "Linares"]
[Date "2018.08.19"]
[Round "8"]
[White "Vazquez Pino, Miguel A"]
[Black "Ruiz Casado, Francisco Javier"]
[Result "1-0"]
[ECO "B06"]
[WhiteElo "1909"]
[BlackElo "1975"]
[Annotator "NA"]
[PlyCount "45"]
[EventDate "2018.08.19"]
[EventType "team-tourn"]
[EventCountry "ESP"]
[SourceTitle "playchess.com"]
[Source "ChessBase"]
[SourceQuality "1"]
[TimeControl "900+5"]

1. e4 g6 2. d4 Bg7 3. Nf3 c6 4. Be3 d5 5. exd5 cxd5 6. c4 Nf6 7. Nc3 O-O 8. Qb3 dxc4 9. Bxc4 Nc6 10. Be2 b6 11. O-O Bb7 12. Rfd1 Na5 13. Qb4 Rc8 14. Rac1 Nd5 15. Nxd5 Qxd5 16. Qxe7 Qxa2 17. Rxc8 Rxc8 18. d5 Qxb2 19. d6 Bf6 20. Bd4 Bxd4 21. d7 Bf6 22. d8=Q+ Rxd8 23. Rxd8+ 1-0

[Event "ESP-ch Rapid 2018"]
[Site "Linares"]
[Date "2018.08.19"]
[Round "8"]
[White "Guerrero Romero, Antonio"]
[Black "Lopez Gonzalez, Alfonso"]
[Result "0-1"]
[ECO "D37"]
[WhiteElo "1895"]
[BlackElo "2063"]
[Annotator "NA"]
[PlyCount "100"]
[EventDate "2018.08.19"]
[EventType "team-tourn"]
[EventCountry "ESP"]
[SourceTitle "playchess.com"]
[Source "ChessBase"]
[SourceQuality "1"]
[TimeControl "900+5"]

1. d4 d5 2. Nf3 Nf6 3. c4 e6 4. Nc3 Nbd7 5. g3 Be7 6. Bg2 O-O 7. O-O dxc4 8. a4 a6 9. Qc2 Rb8 10. a5 Nd5 11. Na4 b5 12. axb6 cxb6 13. e4 Nb4 14. Qd2 b5 15. Nc3 Nd3 16. Rd1 Nb6 17. Qe2 Nxc1 18. Raxc1 Bb7 19. h4 Rc8 20. Ne5 Bf6 21. f4 Bxe5 22. fxe5 b4 23. Nb1 a5 24. Kh2 Qc7 25. h5 h6 26. Nd2 Ba6 27. Qg4 Qe7 28. Nf3 a4 29. d5 c3 30. bxc3 b3 31. d6 Qd7 32. Nd2 b2 33. Rc2 a3 34. Bf1 Qa4 35. Bxa6 Qxc2 36. Bxc8 a2 37. Bxe6 a1=Q 38. Bb3 Qxd2+ 39. Rxd2 b1=Q 40. Bd1 Qxc3 41. Qe2 Qxe5 42. d7 Nxd7 43. Rxd7 Qbxe4 44. Qf2 Qe1 45. Rd2 Qxf2+ 46. Rxf2 Rd8 47. Bb3 Qxh5+ 48. Kg2 Rd3 49. Bc2 Qd5+ 50. Kh2 Rd2 0-1

[Event "ESP-ch Rapid 2018"]
[Site "Linares"]
[Date "2018.08.19"]
[Round "9"]
[White "Santos Latasa, Jaime"]
[Black "Ljubojevic, Ljubomir"]
[Result "1-0"]
[ECO "A34"]
[WhiteElo "2582"]
[BlackElo "2571"]
[Annotator "ChessBase"]
[PlyCount "59"]
[EventDate "2018.08.19"]
[EventType "team-tourn"]
[EventCountry "ESP"]
[SourceTitle "playchess.com"]
[Source "ChessBase"]
[SourceQuality "1"]
[TimeControl "900+5"]

1. Nf3 c5 2. c4 Nf6 3. Nc3 d5 4. cxd5 Nxd5 5. e3 Nb4 6. Bc4 Bf5 7. e4 Bg6 8. h4 Nd3+ 9. Bxd3 Qxd3 10. Qa4+ Nd7 11. Ne5 b5 12. Nxd3 bxa4 13. h5 Bxe4 14. Nxe4 e5 15. b3 f5 16. Nc3 axb3 17. axb3 Rb8 18. Rxa7 Rxb3 19. Ra8+ Kf7 20. O-O Rg8 21. Ra7 Ke6 22. Re1 e4 23. Nf4+ Kd6 24. f3 g5 25. hxg6 hxg6 26. fxe4 Kc6 27. exf5 gxf5 28. Re6+ Bd6 29. Nfd5 Rd8 30. Rc7# 1-0

[Event "ESP-ch Rapid 2018"]
[Site "Linares"]
[Date "2018.08.19"]
[Round "9"]
[White "Ibarra Jerez, Jose Carlos"]
[Black "Ladron De Guevara Pinto, Paolo"]
[Result "1-0"]
[ECO "B06"]
[WhiteElo "2570"]
[BlackElo "2424"]
[Annotator "ChessBase"]
[PlyCount "99"]
[EventDate "2018.08.19"]
[EventType "team-tourn"]
[EventCountry "ESP"]
[SourceTitle "playchess.com"]
[Source "ChessBase"]
[SourceQuality "1"]
[TimeControl "900+5"]

1. e4 g6 2. d4 Bg7 3. Nc3 d5 4. exd5 Nf6 5. Bc4 O-O 6. Nf3 a6 7. a4 b6 8. Bg5 Bb7 9. Bxf6 exf6 10. O-O Nd7 11. Re1 f5 12. d6 cxd6 13. Bd5 Qc7 14. Qd3 Nf6 15. Bxb7 Qxb7 16. Re2 Rfe8 17. Rae1 Rxe2 18. Rxe2 Re8 19. Rxe8+ Nxe8 20. Nd2 Bf6 21. b3 Kg7 22. Ne2 Nc7 23. c4 Qc6 24. h3 h5 25. Nc3 Qe8 26. Nf3 Qe6 27. b4 Qe8 28. Kf1 Ne6 29. g3 Nc7 30. h4 Qd7 31. Qe3 Qe6 32. Qd3 Qd7 33. Ke2 Kf8 34. Qd2 Ke8 35. Kd3 Kd8 36. Kc2 Kc8 37. Kb3 Qe6 38. Qd3 Kb7 39. Ng5 Bxg5 40. hxg5 Qe7 41. Qf3+ Ka7 42. Qc6 Ne6 43. Qd5 Qxg5 44. Qxd6 Qd2 45. Qe7+ Kb8 46. Qe8+ Kb7 47. Qxf7+ Nc7 48. d5 Qd3 49. c5 bxc5 50. bxc5 1-0

[Event "ESP-ch Rapid 2018"]
[Site "Linares"]
[Date "2018.08.19"]
[Round "9"]
[White "Moreno Trujillo, Alejandro"]
[Black "Sande Edreira, Jose Antonio"]
[Result "1-0"]
[ECO "E90"]
[WhiteElo "2497"]
[BlackElo "2230"]
[Annotator "ChessBase"]
[PlyCount "83"]
[EventDate "2018.08.19"]
[EventType "team-tourn"]
[EventCountry "ESP"]
[SourceTitle "playchess.com"]
[Source "ChessBase"]
[SourceQuality "1"]
[TimeControl "900+5"]

1. d4 Nf6 2. c4 g6 3. Nc3 Bg7 4. e4 d6 5. Nf3 O-O 6. h3 c5 7. d5 e6 8. Bd3 Re8 9. O-O Na6 10. a3 exd5 11. cxd5 c4 12. Bc2 Nc5 13. Re1 Bd7 14. Bf4 Qb6 15. Rb1 Rac8 16. e5 Nh5 17. Bh2 dxe5 18. Nxe5 Qf6 19. Nxd7 Nxd7 20. Ne4 Qh4 21. Nd6 Rxe1+ 22. Qxe1 Rf8 23. Qe4 Qxe4 24. Bxe4 Nhf6 25. Bf3 Nb6 26. Rd1 Na4 27. Nxc4 b5 28. Ne3 Nxb2 29. Rc1 a5 30. Rc5 b4 31. Rxa5 bxa3 32. Rxa3 Nd7 33. Bd6 Rc8 34. g3 Ne5 35. Be2 h5 36. Be7 Bf8 37. d6 Rb8 38. f4 Nc6 39. Nd5 Bxe7 40. Nxe7+ Nxe7 41. dxe7 f6 42. Rb3 1-0

[Event "ESP-ch Rapid 2018"]
[Site "Linares"]
[Date "2018.08.19"]
[Round "9"]
[White "Espinosa Aranda, Angel"]
[Black "Lianes Garcia, Marcos"]
[Result "1/2-1/2"]
[ECO "C47"]
[WhiteElo "2451"]
[BlackElo "2340"]
[Annotator "ChessBase"]
[PlyCount "288"]
[EventDate "2018.08.19"]
[EventType "team-tourn"]
[EventCountry "ESP"]
[SourceTitle "playchess.com"]
[Source "ChessBase"]
[SourceQuality "1"]
[TimeControl "900+5"]

1. e4 e5 2. Nc3 Nf6 3. Nf3 Nc6 4. Be2 d5 5. exd5 Nxd5 6. O-O Be7 7. d4 exd4 8. Nxd4 Nxc3 9. bxc3 O-O 10. Rb1 Bf6 11. Ba3 Re8 12. Nxc6 bxc6 13. Bf3 Ba6 14. Qxd8 Raxd8 15. Rfd1 Rxd1+ 16. Rxd1 Bxc3 17. Bxc6 Re1+ 18. Rxe1 Bxe1 19. Bc5 Bc4 20. a4 a6 21. g3 f5 22. Be8 g6 23. Kg2 Kg7 24. Kf3 Kf6 25. Ke3 Ke6 26. Bd4 Bb4 27. h4 Bf8 28. Kd2 Bb4+ 29. c3 Bf8 30. a5 c5 31. Be3 Bd6 32. Bc6 Bd5 33. Ba4 Bc4 34. Bd1 Be7 35. Bf3 Bd6 36. h5 Bd5 37. Be2 c4 38. hxg6 hxg6 39. Bb6 Be5 40. Bd1 Bc6 41. Bc5 Bf6 42. Be2 Bd5 43. Bb4 Be5 44. Bd1 Bc6 45. Ke3 g5 46. f4 gxf4+ 47. gxf4 Bf6 48. Bh5 Bg7 49. Bg6 Bf6 50. Bh7 Bb5 51. Bg8+ Kd7 52. Bd5 Bg7 53. Bg2 Bf6 54. Kd2 Bd8 55. Bf3 Bf6 56. Bc5 Bd8 57. Bb6 Bf6 58. Bd5 Kd6 59. Bb7 Kd7 60. Bd5 Kd6 61. Bg8 Kd7 62. Kc2 Be7 63. Kd2 Bf6 64. Bf7 Ke7 65. Bg6 Ke6 66. Bh5 Bc6 67. Be2 Bb5 68. Bf3 Kd7 69. Bc5 Bd8 70. Bb4 Bf6 71. Bd5 Bg7 72. Ke3 Bf6 73. Kf3 Bd8 74. Kf2 Bh4+ 75. Ke2 Bd8 76. Kf3 Bh4 77. Bf7 Bd8 78. Bg6 Ke6 79. Bh7 Bh4 80. Ke3 Bf6 81. Bg8+ Kd7 82. Bd5 Bg7 83. Bg2 Bf6 84. Kd2 Bd8 85. Ke2 Bh4 86. Bd5 Bd8 87. Ke3 Bf6 88. Kd2 Bd8 89. Bf3 Bh4 90. Bc5 Bd8 91. Bb6 Bf6 92. Kc2 Be7 93. Kd2 Bf6 94. Bh5 Ke6 95. Bg6 Bg7 96. Bd4 Bf8 97. Be5 Bc5 98. Bc7 Be7 99. Bh7 Bf6 100. Bb6 Be7 101. Bg8+ Kd7 102. Ke3 Bf6 103. Kd2 Be7 104. Bd5 Bf6 105. Kc2 Be7 106. Kb2 Bd6 107. Kc2 Bxf4 108. Kd1 Be5 109. Kd2 Ke7 110. Bf3 Kf6 111. Bd8+ Ke6 112. Bb6 Ke7 113. Bg2 Bf4+ 114. Ke2 Ke6 115. Bb7 Be5 116. Kd2 Kf6 117. Be3 f4 118. Bf2 Kg5 119. Bf3 Bc7 120. Bb6 Bd6 121. Bd8+ Kf5 122. Bb6 Be5 123. Bd8 Bg7 124. Bb6 Bf6 125. Bc7 Bh4 126. Bb6 Bg3 127. Bc7 Bf2 128. Bb6 Bh4 129. Bc7 Bf6 130. Bb6 Be5 131. Bd8 Ke6 132. Bb6 Kd6 133. Ba7 Kd7 134. Bb7 Bc7 135. Bb6 Bxb6 136. axb6 a5 137. Bf3 Kc8 138. Kc2 Kb8 139. Kb2 Ba6 140. Bd5 Bb5 141. Ka3 Kc8 142. Bf3 Kb8 143. Bd5 Kc8 144. Bf3 Kb8 1/2-1/2

[Event "ESP-ch Rapid 2018"]
[Site "Linares"]
[Date "2018.08.19"]
[Round "9"]
[White "Huerga Leache, Mikel"]
[Black "Buendia Pinar, Alvaro"]
[Result "0-1"]
[ECO "A14"]
[WhiteElo "2451"]
[BlackElo "2278"]
[Annotator "ChessBase"]
[PlyCount "44"]
[EventDate "2018.08.19"]
[EventType "team-tourn"]
[EventCountry "ESP"]
[SourceTitle "playchess.com"]
[Source "ChessBase"]
[SourceQuality "1"]
[TimeControl "900+5"]

1. Nf3 Nf6 2. c4 e6 3. g3 d5 4. Bg2 Be7 5. O-O O-O 6. b3 d4 7. Bb2 c5 8. e3 Nc6 9. exd4 cxd4 10. Re1 Re8 11. Ne5 Nxe5 12. Rxe5 Bd6 13. Re1 e5 14. d3 Bb4 15. Nd2 Bg4 16. Qc2 Qa5 17. Bc1 Bc3 18. Rb1 e4 19. Bxe4 Nxe4 20. Rxe4 f5 21. Rxe8+ Rxe8 22. Nf1 Re2 0-1

[Event "ESP-ch Rapid 2018"]
[Site "Linares"]
[Date "2018.08.19"]
[Round "9"]
[White "Cruz Lledo, Pablo"]
[Black "Garcia Cuenca, Victor"]
[Result "1-0"]
[ECO "A57"]
[WhiteElo "2432"]
[BlackElo "2351"]
[Annotator "NA"]
[PlyCount "77"]
[EventDate "2018.08.19"]
[EventType "team-tourn"]
[EventCountry "ESP"]
[SourceTitle "playchess.com"]
[Source "ChessBase"]
[SourceQuality "1"]
[TimeControl "900+5"]

1. d4 Nf6 2. c4 c5 3. d5 b5 4. Nf3 g6 5. cxb5 a6 6. b6 Bg7 7. Nc3 d6 8. e4 Nbd7 9. Be2 O-O 10. a4 Qxb6 11. O-O a5 12. Bb5 Ne8 13. Nd2 Nc7 14. Nc4 Qb8 15. Bc6 Ba6 16. Nb5 Nxb5 17. axb5 Bxb5 18. Nxa5 Bxf1 19. Bxa8 Qxa8 20. Qxf1 Qa7 21. Ra3 Ne5 22. Nc6 Qd7 23. Ra7 Qg4 24. f3 Qh4 25. Nxe7+ Kh8 26. Nc6 f5 27. exf5 Rxf5 28. Ra8+ Rf8 29. Rxf8+ Bxf8 30. b3 Bg7 31. Qe2 h6 32. Bb2 Nf7 33. g3 Qg5 34. Qe8+ Kh7 35. Qxf7 Qe3+ 36. Kg2 Qe2+ 37. Kh3 Qxb2 38. Ne7 Qb1 39. Qg8# 1-0